IL
EL PASO CHIHUAHUAS @ ALBUQUERQUE ISOTOPES
08/11/2044
 
TOP OF THE 1ST
El Paso Chihuahuas batting - Pitching for Albuquerque Isotopes : LHP Dario Rios
Pitching: LHP Dario Rios
Batting: RHB Itsuo Yoshioka 0-0: Ball
1-0: Ball
2-0: Ball
3-0: Base on Balls
Batting: RHB Mark Cholagh 0-0: Ball
1-0: Called Strike
1-1: Ball
2-1: Swinging Strike
2-2: Foul Ball, location: 2F
2-2: Fly out, F9 (Flyball, 9S, EV 80.6 MPH)
Batting: LHB Ryan Flynn Jr. 0-0: Fly out, F8 (Flyball, 89D, EV 89.4 MPH)
Batting: RHB Jose Morrissey 0-0: Called Strike
0-1: Foul Ball, location: 2F
0-2: Foul Ball, location: 2F
0-2: Foul Ball, location: 2F
0-2: Ball
1-2: Fielders Choice at 2nd, U6 (Groundball, 6M, EV 83.1 MPH)
Top of the 1st over - 0 runs, 0 hits, 0 errors, 1 left on base; El Paso 0 - Albuquerque 0
BOTTOM OF THE 1ST
Albuquerque Isotopes batting - Pitching for El Paso Chihuahuas : LHP Brian Gregory
Pitching: LHP Brian Gregory
Batting: LHB Tetsuya Oba 0-0: Ball
1-0: SINGLE (Line Drive, 4D, EV 101.9 MPH)
Batting: RHB Nate Carrell 0-0: Foul Ball, location: 2F
0-1: Ball
Tetsuya Oba is caught stealing 2nd base 2-4
1-1: Ball
2-1: Ball
3-1: SOLO HOME RUN (Flyball, 9D, EV 100.6 MPH), Distance : 391 ft
Batting: RHB Jerry Castro 0-0: Swinging Strike
0-1: Ball
1-1: Foul Ball, location: 2F
1-2: Strikes out swinging
Batting: RHB Ben Alspach 0-0: Ball
1-0: Called Strike
1-1: Foul Ball, location: 2F
1-2: Strikes out swinging
Bottom of the 1st over - 1 run, 2 hits, 0 errors, 0 left on base; El Paso 0 - Albuquerque 1
TOP OF THE 2ND
El Paso Chihuahuas batting - Pitching for Albuquerque Isotopes : LHP Dario Rios
Batting: SHB Gregg Whitecotton 0-0: Foul Ball, location: 2F
0-1: Called Strike
0-2: Ball
1-2: Strikes out swinging
Batting: RHB Ben Zeiler 0-0: Ball
1-0: Called Strike
1-1: Ball
2-1: Foul Ball, location: 2F
2-2: Ball
3-2: Ground out 5-3 (Groundball, 5L, EV 83.8 MPH)
Batting: SHB Devin Hottenstein 0-0: Ball
1-0: Ball
2-0: Ball
3-0: Called Strike
3-1: Called Strike
3-2: SOLO HOME RUN (Flyball, 7LD, EV 94.4 MPH), Distance : 330 ft
Batting: LHB Luis Cruz 0-0: Fly out, F4 (Popup, 34, EV 56.2 MPH)
Top of the 2nd over - 1 run, 1 hit, 0 errors, 0 left on base; El Paso 1 - Albuquerque 1
BOTTOM OF THE 2ND
Albuquerque Isotopes batting - Pitching for El Paso Chihuahuas : LHP Brian Gregory
Batting: RHB Ron Johansen 0-0: Foul Ball, location: 2F
0-1: Swinging Strike
0-2: Foul Ball, location: 2F
0-2: Ball
1-2: Foul Ball, location: 2F
1-2: Foul Ball, location: 2F
1-2: SINGLE (Line Drive, 8RS, EV 100.6 MPH)
Batting: RHB Bobby Heagle 0-0: Ball
1-0: Ball
2-0: Foul Ball, location: 2F
2-1: Swinging Strike
2-2: Strikes out looking
Batting: LHB Katsunan Akimoto 0-0: Ball
Ron Johansen is caught stealing 2nd base 2-6
1-0: Foul Ball, location: 2F
1-1: Foul Ball, location: 2F
1-2: Strikes out looking
Bottom of the 2nd over - 0 runs, 1 hit, 0 errors, 0 left on base; El Paso 1 - Albuquerque 1
TOP OF THE 3RD
El Paso Chihuahuas batting - Pitching for Albuquerque Isotopes : LHP Dario Rios
Batting: LHB Helmut Steggall 0-0: Called Strike
0-1: Called Strike
0-2: Foul Ball, location: 2F
0-2: Ball
1-2: SINGLE (Groundball, 4M, EV 101.9 MPH) (infield hit)
Batting: RHB Itsuo Yoshioka 0-0: Ball
1-0: Foul Ball, location: 2F
1-1: Swinging Strike
1-2: Foul Ball, location: 2F
1-2: Ball
2-2: Ball
3-2: Foul Ball, location: 2F
3-2: Foul Ball, location: 2F
3-2: Fielders Choice at 2nd, 6-4 (Groundball, 6, EV 104.4 MPH)
Batting: RHB Mark Cholagh 0-0: Ball
1-0: Called Strike
1-1: Ball
2-1: Foul Ball, location: 2F
2-2: Strikes out swinging
Itsuo Yoshioka steals 2nd base (no throw)
Batter strikes out.
Batting: LHB Ryan Flynn Jr. 0-0: Ball
1-0: Foul Ball, location: 2F
1-1: Ball
2-1: Swinging Strike
2-2: Ball
3-2: Strikes out looking
Top of the 3rd over - 0 runs, 1 hit, 0 errors, 1 left on base; El Paso 1 - Albuquerque 1
BOTTOM OF THE 3RD
Albuquerque Isotopes batting - Pitching for El Paso Chihuahuas : LHP Brian Gregory
Batting: LHB Enrique Andrade 0-0: Foul Ball, location: 2F
0-1: Swinging Strike
0-2: Ball
1-2: Ball
2-2: Ball
3-2: Strikes out swinging
Batting: RHB Josh Baker 0-0: Called Strike
0-1: SINGLE (Groundball, 56D, EV 95.6 MPH)
Batting: LHB Tetsuya Oba 0-0: Ball
1-0: Ball
2-0: Swinging Strike
2-1: Swinging Strike
2-2: Strikes out swinging
Batting: RHB Nate Carrell 0-0: Ball
1-0: Fielders Choice at 2nd, 6-4 (Groundball, 6MD, EV 84.4 MPH)
Bottom of the 3rd over - 0 runs, 1 hit, 0 errors, 1 left on base; El Paso 1 - Albuquerque 1
TOP OF THE 4TH
El Paso Chihuahuas batting - Pitching for Albuquerque Isotopes : LHP Dario Rios
Batting: RHB Jose Morrissey 0-0: Ground out U3 (Groundball, 34, EV 84.4 MPH)
Batting: SHB Gregg Whitecotton 0-0: Ground out 3-1 (Groundball, 34S, EV 83.1 MPH)
Batting: RHB Ben Zeiler 0-0: Called Strike
0-1: Foul Ball, location: 2F
0-2: Ball
1-2: Ball
2-2: Ball
3-2: Strikes out swinging
Top of the 4th over - 0 runs, 0 hits, 0 errors, 0 left on base; El Paso 1 - Albuquerque 1
BOTTOM OF THE 4TH
Albuquerque Isotopes batting - Pitching for El Paso Chihuahuas : LHP Brian Gregory
Batting: RHB Jerry Castro 0-0: Ball
1-0: Ball
2-0: Fly out, F8 (Flyball, 8LM, EV 88.8 MPH)
Batting: RHB Ben Alspach 0-0: Ball
1-0: Foul Ball, location: 2F
1-1: Swinging Strike
1-2: Ball
2-2: Strikes out swinging
Batting: RHB Ron Johansen 0-0: Swinging Strike
0-1: Ball
1-1: Ball
2-1: Foul Ball, location: 2F
2-2: Fly out, F8 (Flyball, 8RXD, EV 108.8 MPH)
Bottom of the 4th over - 0 runs, 0 hits, 0 errors, 0 left on base; El Paso 1 - Albuquerque 1
TOP OF THE 5TH
El Paso Chihuahuas batting - Pitching for Albuquerque Isotopes : LHP Dario Rios
Batting: SHB Devin Hottenstein 0-0: Called Strike
0-1: Ball
1-1: Swinging Strike
1-2: Ball
2-2: Foul Ball, location: 2F
2-2: Ball
3-2: Ground out 6-3 (Groundball, 6, EV 94.4 MPH)
Batting: LHB Luis Cruz 0-0: Swinging Strike
0-1: Ball
1-1: Ball
2-1: Foul Ball, location: 2F
2-2: Ball
3-2: Foul Ball, location: 2F
3-2: Ground out U3 (Groundball, 3, EV 90.6 MPH)
Pitching: LHP Vasquo Sartores
Batting: LHB Helmut Steggall 0-0: Ball
1-0: Swinging Strike
1-1: Foul Ball, location: 2F
1-2: Strikes out swinging
Top of the 5th over - 0 runs, 0 hits, 0 errors, 0 left on base; El Paso 1 - Albuquerque 1
BOTTOM OF THE 5TH
Albuquerque Isotopes batting - Pitching for El Paso Chihuahuas : LHP Brian Gregory
Batting: RHB Bobby Heagle 0-0: Ground out U3 (Groundball, 34, EV 103.8 MPH)
Batting: LHB Katsunan Akimoto 0-0: Ball
1-0: Called Strike
1-1: Swinging Strike
1-2: Ball
2-2: Ground out 6-3 (Groundball, 6S, EV 89.4 MPH)
Batting: LHB Enrique Andrade 0-0: Foul Ball, location: 2F
0-1: Foul Ball, location: 2F
0-2: Ball
1-2: Strikes out swinging
Bottom of the 5th over - 0 runs, 0 hits, 0 errors, 0 left on base; El Paso 1 - Albuquerque 1
TOP OF THE 6TH
El Paso Chihuahuas batting - Pitching for Albuquerque Isotopes : LHP Vasquo Sartores
Batting: RHB Itsuo Yoshioka 0-0: Ball
1-0: Ball
2-0: Called Strike
2-1: Ball
3-1: Foul Ball, location: 2F
3-2: Foul Ball, location: 2F
3-2: Fly out, F9 (Flyball, 9D, EV 93.1 MPH)
Batting: RHB Mark Cholagh 0-0: Foul Ball, location: 2F
0-1: Ball
1-1: Foul Ball, location: 2F
1-2: Ball
2-2: Foul Ball, location: 2F
2-2: Ball
3-2: DOUBLE (Flyball, 89XD, EV 109.4 MPH)
Batting: LHB Ryan Flynn Jr. 0-0: Ball
1-0: DOUBLE (Flyball, 89XD, EV 109.4 MPH)
Mark Cholagh scores
Batting: RHB Jose Morrissey 0-0: Called Strike
0-1: Fly out, F8 (Flyball, 8LD, EV 108.8 MPH)
Batting: SHB Gregg Whitecotton 0-0: Foul Ball, location: 2F
0-1: Called Strike
0-2: Ground out 5-3 (Groundball, 5, EV 101.9 MPH)
Top of the 6th over - 1 run, 2 hits, 0 errors, 1 left on base; El Paso 2 - Albuquerque 1
BOTTOM OF THE 6TH
Albuquerque Isotopes batting - Pitching for El Paso Chihuahuas : LHP Brian Gregory
Batting: RHB Josh Baker 0-0: Ball
1-0: Called Strike
1-1: Foul Ball, location: 2F
1-2: Foul Ball, location: 2F
1-2: Foul Ball, location: 2F
1-2: Ball
2-2: Ball
3-2: DOUBLE (Flyball, 89XD, EV 93.8 MPH)
Batting: LHB Tetsuya Oba 0-0: Called Strike
0-1: Swinging Strike
0-2: Strikes out swinging
Batting: RHB Nate Carrell 0-0: Ground out 6-3 (Groundball, 6, EV 80.6 MPH)
Batting: RHB Jerry Castro 0-0: Ball
1-0: SINGLE (Flyball, 8LS, EV 96.2 MPH)
Josh Baker to third
Batting: RHB Ben Alspach 0-0: Ball
1-0: Foul Ball, location: 2F
1-1: DOUBLE (Line Drive, 8RXD, EV 111.9 MPH)
Josh Baker scores
Jerry Castro to third
Runner from 3rd tries for Home, SAFE, throw by CF to home
Batting: RHB Ron Johansen 0-0: Called Strike
0-1: Fly out, F3 (Popup, 3, EV 65.6 MPH)
Bottom of the 6th over - 2 runs, 3 hits, 0 errors, 1 left on base; El Paso 2 - Albuquerque 3
TOP OF THE 7TH
El Paso Chihuahuas batting - Pitching for Albuquerque Isotopes : LHP Vasquo Sartores
Pitching: LHP Tyler Adams
Batting: RHB Ben Zeiler 0-0: Ball
1-0: Foul Ball, location: 2F
1-1: Ball
2-1: SINGLE (Groundball, 6MD, EV 105.6 MPH)
Batting: SHB Devin Hottenstein 0-0: Ball
1-0: Foul Ball, location: 2F
1-1: Foul Ball, location: 2F
1-2: Ball
2-2: SINGLE (Groundball, 3D, EV 107.5 MPH)
Ben Zeiler to second
Ben Zeiler to third
Pinch Hitting: RHB Rudolf Gommers 0-0: Ball
1-0: Swinging Strike
1-1: Ball
2-1: Reached on error, E6 (Groundball, 6, EV 80.0 MPH)
Ben Zeiler scores
Devin Hottenstein to third
Batting: LHB Helmut Steggall 0-0: Foul Ball, location: 2F
0-1: Ball
1-1: Foul Ball, location: 2F
1-2: Ball
2-2: Strikes out looking
Batting: RHB Itsuo Yoshioka 0-0: Foul Ball, location: 2F
0-1: SINGLE (Flyball, 4D, EV 90.6 MPH)
Devin Hottenstein scores
Rudolf Gommers to third
Runner from 3rd tries for Home, SAFE, throw by RF to home
Batting: RHB Mark Cholagh 0-0: DOUBLE (Groundball, 5L, EV 96.9 MPH)
Itsuo Yoshioka to third
Batting: LHB Ryan Flynn Jr. 0-0: Called Strike
0-1: Foul Ball, location: 2F
0-2: Ball
1-2: Ball
2-2: Foul Ball, location: 2F
2-2: SINGLE (Groundball, 6M, EV 101.9 MPH)
Itsuo Yoshioka scores
Mark Cholagh to third
Runner from 3rd tries for Home, SAFE, throw by CF to home
Pitching: LHP Jorge Segarra
Batting: RHB Jose Morrissey 0-0: Ball
1-0: Fielders Choice at 2nd, 6-4 (Groundball, 6, EV 85.0 MPH)
Batting: SHB Gregg Whitecotton 0-0: Ball
1-0: Called Strike
1-1: Swinging Strike
1-2: Ball
Jose Morrissey steals 2nd base (no throw)
2-2: Foul Ball, location: 2F
2-2: Foul Ball, location: 2F
2-2: Foul Ball, location: 2F
2-2: Foul Ball, location: 2F
2-2: Ball
3-2: Base on Balls
Batting: RHB Ben Zeiler 0-0: Called Strike
0-1: Ball
1-1: Ball
2-1: SINGLE (Flyball, 8RS, EV 89.4 MPH)
Jose Morrissey to third
Gregg Whitecotton to second
Runner from 3rd tries for Home, SAFE, throw by CF to home
Gregg Whitecotton to third
Ben Zeiler to second
Batting: SHB Devin Hottenstein 0-0: Called Strike
0-1: Swinging Strike
0-2: Ball
1-2: Foul Ball, location: 2F
1-2: Ball
2-2: Ball
3-2: Foul Ball, location: 2F
3-2: Foul Ball, location: 2F
3-2: Foul Ball, location: 2F
3-2: Foul Ball, location: 2F
3-2: Ground out 5-3 (Groundball, 5, EV 91.2 MPH)
Top of the 7th over - 6 runs, 6 hits, 1 error, 2 left on base; El Paso 8 - Albuquerque 3
BOTTOM OF THE 7TH
Albuquerque Isotopes batting - Pitching for El Paso Chihuahuas : LHP Brian Gregory
Now in LF: Rudolf Gommers
Now in RF: Ryan Flynn Jr.
Batting: RHB Bobby Heagle 0-0: Called Strike
0-1: Ball
1-1: Ground out 5-3 (Groundball, 5L, EV 86.9 MPH)
Batting: LHB Katsunan Akimoto 0-0: Called Strike
0-1: DOUBLE (Line Drive, 7LS, EV 101.2 MPH)
Batting: LHB Enrique Andrade 0-0: Ball
1-0: Called Strike
1-1: Ball
2-1: Foul Ball, location: 2F
2-2: Ground out 4-3 (Groundball, 4, EV 89.4 MPH)
Katsunan Akimoto to third
Batting: RHB Josh Baker 0-0: Foul Ball, location: 2F
0-1: Fly out, F8 (Flyball, 78D, EV 105.6 MPH)
Bottom of the 7th over - 0 runs, 1 hit, 0 errors, 1 left on base; El Paso 8 - Albuquerque 3
TOP OF THE 8TH
El Paso Chihuahuas batting - Pitching for Albuquerque Isotopes : LHP Jorge Segarra
Batting: RHB Rudolf Gommers 0-0: Ground out 5-3 (Groundball, 56S, EV 84.4 MPH)
Batting: LHB Helmut Steggall 0-0: Ball
1-0: Called Strike
1-1: SINGLE (Groundball, 34S, EV 84.4 MPH) (infield hit)
Batting: RHB Itsuo Yoshioka 0-0: Foul Ball, location: 2F
0-1: Ball
1-1: Ball
2-1: Foul Ball, location: 2F
2-2: Fly out, F9 (Line Drive, 9D, EV 94.4 MPH)
Pitching: RHP Calvin Hightower
Batting: RHB Mark Cholagh 0-0: Called Strike
0-1: Reached on error, E6 (Groundball, 6, EV 86.9 MPH)
Helmut Steggall to second
Batting: LHB Ryan Flynn Jr. 0-0: Swinging Strike
0-1: Swinging Strike
0-2: Foul Ball, location: 2F
0-2: Foul Ball, location: 2F
0-2: Ball
1-2: Foul Ball, location: 2F
1-2: Fielders Choice at 2nd, U6 (Groundball, 6M, EV 110.0 MPH)
Top of the 8th over - 0 runs, 1 hit, 1 error, 2 left on base; El Paso 8 - Albuquerque 3
BOTTOM OF THE 8TH
Albuquerque Isotopes batting - Pitching for El Paso Chihuahuas : LHP Brian Gregory
Pitching: LHP Jon Zaragoza
Batting: LHB Tetsuya Oba 0-0: Ball
1-0: Swinging Strike
1-1: Swinging Strike
1-2: Ball
2-2: Strikes out swinging
Batting: RHB Nate Carrell 0-0: Called Strike
0-1: Swinging Strike
0-2: Ground out 5-3 (Groundball, 56S, EV 77.5 MPH)
Batting: RHB Jerry Castro 0-0: Ball
1-0: Swinging Strike
1-1: Swinging Strike
1-2: Foul Ball, location: 2F
1-2: Ball
2-2: Foul Ball, location: 2F
2-2: Strikes out swinging
Bottom of the 8th over - 0 runs, 0 hits, 0 errors, 0 left on base; El Paso 8 - Albuquerque 3
TOP OF THE 9TH
El Paso Chihuahuas batting - Pitching for Albuquerque Isotopes : RHP Calvin Hightower
Batting: RHB Jose Morrissey 0-0: Ball
1-0: Fly out, F9 (Flyball, 89D, EV 95.0 MPH)
Batting: SHB Gregg Whitecotton 0-0: Ball
1-0: Ball
2-0: Foul Ball, location: 2F
2-1: Ball
3-1: Hit by Pitch
Batting: RHB Ben Zeiler 0-0: Ball
1-0: Fielders Choice at 2nd, 2-4 (Groundball, 2L, EV 67.5 MPH)
Batting: SHB Devin Hottenstein 0-0: Ball
1-0: Called Strike
Ben Zeiler steals 2nd base (no throw)
1-1: Swinging Strike
1-2: Strikes out swinging
Top of the 9th over - 0 runs, 0 hits, 0 errors, 1 left on base; El Paso 8 - Albuquerque 3
BOTTOM OF THE 9TH
Albuquerque Isotopes batting - Pitching for El Paso Chihuahuas : LHP Jon Zaragoza
Batting: RHB Ben Alspach 0-0: Called Strike
0-1: Ball
1-1: Ball
2-1: Called Strike
2-2: Ground out 5-3 (Groundball, 5, EV 98.8 MPH)
Batting: RHB Ron Johansen 0-0: Ball
1-0: Ball
2-0: Foul Ball, location: 2F
2-1: Ground out 6-3 (Groundball, 6, EV 81.9 MPH)
Batting: RHB Bobby Heagle 0-0: Called Strike
0-1: Swinging Strike
0-2: Strikes out looking
Bottom of the 9th over - 0 runs, 0 hits, 0 errors, 0 left on base; El Paso 8 - Albuquerque 3
Thursday, March 31st , 2022 - OOTP Baseball 22.12 Build 89